 Dungeon Crawl Stone Soup version 0.19.0-20-gbc5f0c6 (webtiles) character file.

49 emikaela the Vexing (level 3, 0/18 HPs)
             Began as a Vine Stalker Arcane Marksman on Nov 16, 2016.
             Succumbed to an adder's poison
             ... on level 2 of the Dungeon.
             The game lasted 00:04:23 (1841 turns).

emikaela the Vexing (Vine Stalker Arcane Marksman)  Turns: 1841, Time: 00:04:24

Health: 0/18       AC:  3    Str: 13    XL:     3   Next: 77%
Magic:  2/5        EV: 12    Int: 13    God:
Gold:   35         SH:  0    Dex: 14    Spells: 2 memorised, 1 level left

rFire  . . .     SeeInvis +     a - +0 hunting sling
rCold  . . .     Gourm    .     e - +0 robe
rNeg   . . .     Faith    .     (no shield)
rPois  .         Spirit   +     (no helmet)
rElec  .         Reflect  .     (no cloak)
rCorr  .         Harm     .     (no gloves)
MR     .....                    h - +0 pair of boots
Stlth  +.........               (no amulet)
                                (no ring)
                                b - ring of see invisible

@: lethally poisoned (0 -> -4), very slightly contaminated
A: fangs 2, magic shield, antimagic bite, no device heal 3, rot immunity
a: no special abilities


You were on level 2 of the Dungeon.
You were hungry.

You visited 1 branch of the dungeon, and saw 2 of its levels.

You collected 35 gold pieces.

Inventory:

Hand Weapons
 a - a +0 hunting sling (weapon)
 p - a cursed +0 hand axe
Missiles
 d - 8 sling bullets (quivered)
 g - 7 stones
 l - 23 arrows
 n - 4 tomahawks
Armour
 e - a +0 robe (worn)
 h - a +0 pair of boots (worn)
Jewellery
 b - a ring of see invisible (left hand)
Scrolls
 i - a scroll of fear {unknown}
 m - 2 scrolls of remove curse {unknown}
 o - a scroll of identify {unknown}
Potions
 q - a potion of heal wounds
Books
 c - a book of Debilitation
Comestibles
 f - a bread ration
 j - a fruit
 r - a meat ration
 s - 2 chunks of flesh


   Skills:
 + Level 1.5 Fighting
 + Level 2.7 Slings
 + Level 2.2 Dodging
 - Level 1.1 Spellcasting
 - Level 3.0 Hexes


You had one spell level left.
You knew the following spells:

 Your Spells              Type           Power        Failure   Level  Hunger
a - Corona                Hex            #......      10%         1    ##.....
b - Slow                  Hex            #.......     14%         2    ###....


Dungeon Overview and Level Annotations

Branches:
Dungeon (2/15)

Altars:


Innate Abilities, Weirdness & Mutations

You have extremely sharp teeth.
When hurt, damage is shared between your health and your magic reserves.
Your bite disrupts and absorbs the magic of your enemies.
Potions and wands cannot restore your health.
You are immune to rotting.


Message History

You kill the adder!
Okay, then.
* * * LOW HITPOINT WARNING * * *
You feel sick.
Things that are here:
8 sling bullets; an adder corpse You butcher the adder corpse.
Things that are here:
8 sling bullets; a chunk of flesh; an adder skeleton
* * * LOW HITPOINT WARNING * * *
You feel sick.
You see here a robe.
* * * LOW HITPOINT WARNING * * *
You feel sick.
You flicker for a moment.
* * * LOW HITPOINT WARNING * * *
You feel sick.
You open the door.
You flicker back into view.
You die...

..###....# ........#
....... ..... ##+## ...
#...######.#
#...#......#######.
#...#.####.........
######@##.####(#######.
.............[..........
..##.#..##.####.#.#####.
........................
#.##.##..#.######'#####.
#.##.##..#.#.......#
#.##.##..#.#.......#
#.##.##..#.#.......#
#.##.##..#.#.......#


There were no monsters in sight!

Vanquished Creatures
  An adder (D:2)
  2 dart slugs (D:1)
  A leopard gecko (D:1)
  4 bats (D:1)
  3 giant cockroaches (D:1)
  5 goblins (D:1)
  3 hobgoblins (D:1)
  4 jackals (D:1)
  A kobold (D:1)
  4 frilled lizards
  6 rats
34 creatures vanquished.

Notes
Turn   | Place    | Note
-------+----------+-------------------------------------------
     0 | D:1      | emikaela the Vine Stalker Arcane Marksman began the quest for the Orb.
     0 | D:1      | Reached XP level 1. HP: 9/9 MP: 3/3
   115 | D:1      | Reached skill level 1 in Fighting
   134 | D:1      | Reached XP level 2. HP: 8/14 MP: 2/4
   449 | D:1      | Learned a level 2 spell: Slow
   968 | D:1      | Reached XP level 3. HP: 18/18 MP: 3/5
  1841 | D:2      | Succumbed to an adder's poison

Skill      XL: |  1  2  3 |
---------------+----------+-----
Fighting       | 1 |  1.5
Slings         | 2 |  2.7
Dodging        | 2 |  2.2
Spellcasting   | |  1.1
Hexes          | |  3.0

Action                   || total
-------------------------++-------
 Fire: Hunting sling     ||   108
 Cast: Corona            ||    28
  Use: Potion            ||     2
  Eat: Chunk             ||     3
Armor: Robe              ||    10
Dodge: Dodged            ||    32
